 Dungeon Crawl Stone Soup version 0.29.1-15-g9cfb28693d (console) character file.

Game seed: 9246332991366311577

2 sentinel the Digger (level 1, 4/14 HPs)
             Began as a Meteoran Earth Elementalist on Aug 18, 2023.
             Quit the game on level 1 of the Dungeon.
             The game lasted 00:00:04 (59 turns).

sentinel the Digger (Meteoran Earth Elementalist)     Turns: 59, Time: 00:00:05

Health: 4/14       AC:  2    Str:  9    XL:     1   Next: 42%
Magic:  1/5        EV:  9    Int: 16    God:
Gold:   0          SH:  0    Dex: 14    Spells: 4/5 levels left

rFire   . . .      SeeInvis .   (no weapon)
rCold   . . .      Faith    .   (no shield)
rNeg    . . .      Spirit   .   a - +0 robe
rPois   .          Reflect  .   (no helmet)
rElec   .          Harm     .   (no cloak)
rCorr   .          Rampage  .   (no gloves)
Will    .....                   (no boots)
Stlth   +.........              (no amulet)
HPRegen 0.04/turn               (no ring)
MPRegen 0.09/turn               (no ring)

@: glowing, constricted
A: sense surroundings 1, otherworldly, glowing, explore regen
a: no special abilities


You were on level 1 of the Dungeon.
You visited 1 branch of the dungeon, and saw 1 of its levels.

Inventory:

Armour
 a - a +0 robe (worn)
Potions
 b - a potion of magic
 c - a potion of mutation {unknown}


   Skills:
 - Level 2.4 Dodging
 - Level 1.4 Stealth
 - Level 2.6 Spellcasting
 - Level 1.2 Transmutations
 + Level 3.8 Earth Magic


You had 4 spell levels left.
You knew the following spells:

 Your Spells              Type           Power      Damage    Failure   Level
a - Sandblast             Erth           28%        2d8       4%          1

Your spell library contained the following spells:

 Spells                   Type           Power      Damage    Failure   Level
 Passwall                 Tmut/Erth      8%         N/A       11%         2
 Stone Arrow              Conj/Erth      16%        3d8       26%         3
 Petrify                  Tmut/Erth      10%        N/A       56%         4


Dungeon Overview and Level Annotations

Branches:
Dungeon (1/15) Zot: 539

Altars:


Innate Abilities, Weirdness & Mutations

You passively map a small area around you.
You are easily found by Zot.
You glow in the dark.
You regain HP and MP as you explore.


Message History

Nothing appears to happen.
The bat hits you but does no damage.
The blast of sand hits the bat.
The bat is severely wounded.
The bat hits you.
Unknown command.
The blast of sand misses the bat.
The bat hits you but does no damage. The bat hits you.
Unknown command.
You miscast Sandblast.
Nothing appears to happen.
The bat hits you but does no damage.
The blast of sand hits the bat.
You kill the bat!
Unknown command.
You are out of magic!
Unknown command.
You are out of magic!
Unknown command.
You are out of magic!
Unknown command.
No target in view!
No target in view!
You are out of magic!
Unknown command.
You are out of magic!
Unknown command.
You are out of magic!
Unknown command.
You are out of magic!
Unknown command.
You start waiting.
HP restored.
Unknown command.
You start waiting.
Your magical contamination has completely faded away.
Unknown command.
A hobgoblin comes into view.
The hobgoblin shouts!
You hear an angry hiss.
You hear a shout!
Unknown command.
But you're not safe!
Unknown command.
But you're not safe!
Unknown command.
A quokka and a ball python come into view.
Found a scroll labelled HANNO ZATOPT.
The ball python hisses angrily.
A rat comes into view.
The blast of sand hits the hobgoblin.
You kill the hobgoblin!
You are out of magic!
Unknown command.
You are out of magic!
Unknown command.
You are out of magic!
Unknown command.
You are out of magic!
Unknown command.
An endoplasm comes into view.
You barely miss the ball python.
The endoplasm quivers.
The ball python bites you. The ball python closely misses you.
You are out of magic!
Unknown command.
You are out of magic!
Unknown command.
You are out of magic!
Unknown command.
You are out of magic!
Unknown command.
You hit the ball python but do no damage.
The ball python misses you. The ball python grabs you.
The ball python constricts you.
You hit the ball python.
The ball python is heavily wounded.
The ball python bites you. The ball python constricts you.
The rat barely misses you.
You are out of magic!
Unknown command.
You are out of magic!
Unknown command.
You are out of magic!
Unknown command.
You are out of magic!
Unknown command.
But you're not safe!
Unknown command.
But you're not safe!
Unknown command.
But you're not safe!
Unknown command.
But you're not safe!
Unknown command.
But you're not safe!
Unknown command.
You barely miss the ball python.
The ball python is heavily wounded.
The quokka barely misses you. The ball python closely misses you.
The ball python constricts you.
A kobold comes into view. It is wielding a +0 whip.
The rat bites you but does no damage.
You completely miss the ball python.
The ball python is heavily wounded.
The kobold shouts!
The quokka bites you.
The ball python bites you but does no damage.
The ball python constricts you. The ball python closely misses you.
The ball python constricts you. The quokka bites you.
The rat closely misses you.
You are too injured to fight recklessly!
Unknown command.
You are too injured to fight recklessly!
Unknown command.
You are too injured to fight recklessly!
Unknown command.
You are too injured to fight recklessly!
Unknown command.
You are too injured to fight recklessly!
You are too injured to fight recklessly!
You are too injured to fight recklessly!
Unknown command.
You are too injured to fight recklessly!
Unknown command.
You are too injured to fight recklessly!
Unknown command.
You are too injured to fight recklessly!
Unknown command.
You are too injured to fight recklessly!
You are too injured to fight recklessly!
You are too injured to fight recklessly!
Unknown command.
You are too injured to fight recklessly!
Unknown command.
You are too injured to fight recklessly!
Unknown command.
You are too injured to fight recklessly!
Unknown command.
But you're not safe!
Unknown command.
But you're not safe!
Unknown command.
But you're not safe!
Unknown command.
But you're not safe!
Unknown command.
But you're not safe!
Unknown command.
Unknown command.
Unknown command.
Unknown command.
Unknown command.
Are you sure you want to abandon this character and quit the game? (Confirm with "yes".)

♣♣♣.........####
♣..............#
....♣♣♣#######.#
..### #.# ### #.#
#.# **#### * * *
#.###*..... ,
...##...#......
.......r@rJ.....
,
........S.....K.,
,
................,
*
................
................
,
*#...#...........
, ,
##?.....##......,
, ....... *#.....
, , *


You could see an endoplasm, a quokka, a ball python, a kobold and a rat.

Vanquished Creatures
  A hobgoblin (D:1)
  A bat (D:1)
2 creatures vanquished.

Notes
Turn   | Place    | Note
-------+----------+-------------------------------------------
     0 | D:1      | sentinel the Meteoran Earth Elementalist began the quest
                  | for the Orb.
     0 | D:1      | Reached XP level 1. HP: 14/14 MP: 5/5
    59 | D:1      | Quit the game

Illustrated notes

Levels and vault maps discovered:
D:1:      sevenhm_arrival_forest_fort_large_2, layout_rooms

Action                   || total
-------------------------++-------
Melee: Unarmed           ||     6
 Cast: Sandblast         ||     4
Armor: Robe              ||     5
Dodge: Dodged            ||     8
